 Dungeon Crawl Stone Soup version 0.30-b1-2-g02819fbbbe (webtiles) character file.

Game seed: 15465110784516547729

247 Borgoz the Trooper (level 6, -1/39 HPs)
             Began as a Gargoyle Berserker on June 16, 2023.
             Was a Believer of Trog.
             Slain by a gnoll
             ... wielding a +2 halberd of venom
              (10 damage)
             ... on level 3 of the Dungeon.
             The game lasted 00:03:42 (2458 turns).

Borgoz the Trooper (Gargoyle Berserker)             Turns: 2458, Time: 00:03:43

Health: -1/39      AC: 17    Str: 26    XL:     6   Next: 11%
Magic:  6/6        EV: 11    Int:  7    God:    Trog [**....]
Gold:   141        SH:  0    Dex: 11    Spells: 5/5 levels left

rFire   . . .        a - +0 mace
rCold   . . .        (no shield)
rNeg    + . .        c - +0 ring mail
rPois   ∞            (no helmet)
rElec   +            (no cloak)
rCorr   .            e - +2 pair of gloves "Lacech Poem" {*Corrode Str+5 Stlth+}
SInv    .            (no boots)
Will    ++...        (no amulet)
Stlth   ++           h - +4 ring of protection
HPRegen 1.26/turn    (no ring)
MPRegen 0.10/turn

%: corrode self (3%)
@: strong-willed, regenerating
A: sickness immunity, AC +4, negative energy resistance 1, electricity
resistance, torment resistance 1, petrification resistance
a: Renounce Religion, Berserk, Trog's Hand


You were on level 3 of the Dungeon.
You worshipped Trog.
Trog was pleased with you.
You visited 1 branch of the dungeon, and saw 3 of its levels.

You collected 141 gold pieces.

Inventory:

Hand Weapons
 a - a +0 mace (weapon)
Armour
 c - a +0 ring mail (worn)
 e - the +2 pair of gloves "Lacech Poem" (worn) {*Corrode Str+5 Stlth+}
   (You acquired it on level 3 of the Dungeon)

   Str:       It affects your strength (+5).
   *Corrode:  It may corrode you when you take damage.
   Stlth:     It makes you more stealthy.
Jewellery
 h - a +4 ring of protection (left hand)
 i - an amulet of reflection
Scrolls
 b - 2 scrolls of teleportation
 f - a scroll of identify
Potions
 d - 3 potions of curing
 g - a potion of lignification {unknown}
 j - a potion of resistance


   Skills:
 * Level 4.6 Fighting
 * Level 4.2 Maces & Flails
 * Level 3.8 Armour
 * Level 2.8 Dodging


You had 5 spell levels left.
You didn't know any spells.
Your spell library was empty.

Dungeon Overview and Level Annotations

Branches:
Dungeon (3/15)

Altars:
Qazlal
The Shining One

Annotations:
D:3 1 transporter, darkwiz's ghost, weakling DsCK


Innate Abilities, Weirdness & Mutations

You are immune to sickness and miasma.
Your stone body is resilient. (AC +4)
You are immune to poison.
You resist negative energy. (rN+)
You are resistant to electric shocks. (rElec)
You are resistant to unholy torment.
You are immune to petrification.


Message History

You barely miss the gnoll.
The gnoll is almost dead.
The gnoll hits you but does no damage. The gnoll closely misses you.
The gnoll bouda calls upon its god to heal the gnoll.
The gnoll is healed somewhat.
The gnoll hits you. The gnoll closely misses you.
You hit the gnoll.
The gnoll is almost dead.
The gnoll closely misses you. The gnoll barely misses you.
The gnoll bouda hits you but does no damage.
You closely miss the gnoll.
The gnoll is almost dead.
The gnoll hits you from afar with a +0 halberd.
The gnoll barely misses you. The gnoll completely misses you.
The gnoll bouda calls upon its god to heal the gnoll.
The gnoll is healed somewhat.
The gnoll hits you from afar with a +0 halberd.
You hit the gnoll.
The gnoll is almost dead.
The gnoll bouda barely misses you.
The gnoll zaps a wand.
The bolt of dispelling energy hits you!
The gnoll hits you from afar with a +2 halberd of venom.
* * * LOW HITPOINT WARNING * * *
The gnoll hits you but does no damage.
You are too injured to fight recklessly!
You are too injured to fight recklessly!
You are too injured to fight recklessly!
You are too injured to fight recklessly!
Your skin crawls.
You feel strong-willed.
The gnoll bouda barks out a call to the hunt!
The gnoll picks up the pace!
The gnoll hits you but does no damage. The gnoll closely misses you.
The gnoll hits you from afar with a +0 halberd!
* * * LOW HITPOINT WARNING * * *
Okay, then.
Okay, then.
You feel better. The gnoll bouda closely misses you.
The gnoll closely misses you.
The gnoll hits you from afar with a +2 halberd of venom!
You die...

...##....≈≈#8.###.###.8#≈≈.#
#####....≈≈#g..........#≈≈.#
#....≈≈###.##'##.###≈≈.#
#....≈≈..#.#..g#.#..≈≈.##
####.≈≈.##.#..g#.##.≈≈..#
#....≈≈.#..#.gW#.g#.≈≈..#
#....≈≈.##.#####.##.≈≈..#
#........#g#8⌠8#.#..≈≈..#
#####.......©#gg@©.W.#©.~~..#
....'........#g#g..#.#..≈≈..#
#####..!.≈≈.##.##.##.##.≈≈..#
##.......≈≈.#g.#...#.g#.≈≈..#
#........≈≈.##.'...'.##.≈≈..#
#........≈≈..#.#...#.#).≈≈..#
#........≈≈###.##'##.###≈≈..#
#........≈≈#...........#≈≈..#
#........≈≈#8.###.###.8#≈≈..#


You could see a gnoll bouda, darkwiz's ghost and 4 gnolls.

Vanquished Creatures
  A sky beast (D:3)
  A hound (D:3)
  An iguana (D:3)
  An orc wizard (D:3)
  3 worms
  2 dart slugs
  2 orcs (D:3)
  2 endoplasms
  2 giant cockroaches
  8 goblins
  6 hobgoblins
  5 kobolds
  4 quokkas
  5 ball pythons
  5 bats
  2 rats
50 creatures vanquished.

Vanquished Creatures (others)
  6 plants (D:3)
6 creatures vanquished.

Grand Total: 56 creatures vanquished

Notes
Turn   | Place    | Note
-------+----------+-------------------------------------------
     0 | D:1      | Borgoz the Gargoyle Berserker began the quest for the Orb.
     0 | D:1      | Reached XP level 1. HP: 14/14 MP: 1/1
   105 | D:1      | Reached XP level 2. HP: 15/19 MP: 2/2
   572 | D:1      | Reached XP level 3. HP: 23/23 MP: 3/3
   586 | D:1      | Reached ** piety under Trog
  1404 | D:3      | Found a stormy altar of Qazlal.
  1404 | D:3      | Noticed a sky beast
  1430 | D:3      | Reached XP level 4. HP: 20/29 MP: 4/4
  1441 | D:3      | Killed a sky beast
  1442 | D:3      | Reached XP level 5. HP: 14/34 MP: 5/5
  1480 | D:3      | Identified a scroll of acquirement
  1480 | D:3      | Acquired the +2 pair of gloves "Lacech Poem" {*Corrode
                  | Str+5 Stlth+}
  1562 | D:3      | Found a faded altar of an unknown god.
  1576 | D:3      | Found a glowing golden altar of the Shining One.
  1601 | D:3      | Reached XP level 6. HP: 30/39 MP: 6/6
  1687 | D:3      | Found a transporter.
  1688 | D:3      | Identified the +10 halberd "Zoluz" {elec, rPois Will++
                  | Int+4 Dex+2}
  2020 | D:3      | Found a transporter.
  2029 | D:3      | Noticed darkwiz's ghost (weakling DsCK)
  2035 | D:3      | Identified the ring "Juiliyn" {rElec rPois Str+3 Dex+3}
  2038 | D:3      | Identified the +3 falchion of the Thoughtful Teeth
                  | {distort, rElec MP+9 Int+3 Dex+3}
  2458 | D:3      | Slain by a gnoll

Illustrated notes

Levels and vault maps discovered:
D:1:      ebering_trefoil_3fold, layout_loops_ring
D:2:      layout_basic
D:3:      layout_basic, nicolae_qazlal_beasts_of_the_sky,
          nicolae_overflow_ecumenical_swirl, gammafunk_ghost_gnarly_gnolls,
          kennysheep_small_spiral

Skill      XL: |  1  2  3  4 |
---------------+-------------+-----
Dodging        | 2 |  2.8
Armour         | 3 |  3.8
Fighting       | 4 |  4.6
Maces & Flails | 4 |  4.2

Action                     |  1- 3 |  4- 6 || total
---------------------------+-------+-------++-------
  Melee: Mace              |   135 |    78 ||   213
 Invoke: Trog's Hand       |     1 |     1 ||     2
         Berserk           |     1 |       ||     1
    Use: Scroll            |     4 |     7 ||    11
         Potion            |     1 |     1 ||     2
   Stab: Sleeping          |       |     1 ||     1
 Armour: Ring mail         |    77 |    35 ||   112
         Animal skin       |     7 |       ||     7
  Dodge: Dodged            |   110 |    50 ||   160
